 Dungeon Crawl Stone Soup version 0.19.5 (webtiles) character file.

137 McKennaii the Magician (level 5, -4/28 HPs)
             Began as a Deep Elf Fire Elementalist on May 6, 2017.
             Slain by a scorpion (6 damage)
             ... on level 3 of the Dungeon.
             The game lasted 00:05:04 (2010 turns).

McKennaii the Magician (Deep Elf Fire Elementalist) Turns: 2010, Time: 00:05:04

Health: -4/28      AC:  2    Str:  2 (5)  XL:     5   Next: 0%
Magic:  1/13       EV: 13    Int: 18 (21) God:
Gold:   202        SH:  0    Dex: 13 (15) Spells: 4 memorised, 4 levels left

rFire  . . .     SeeInvis .     (no weapon)
rCold  . . .     Gourm    .     a - +0 robe
rNeg   . . .     Faith    .     (no shield)
rPois  .         Spirit   .     (no helmet)
rElec  .         Reflect  .     (no cloak)
rCorr  .         Harm     .     (no gloves)
MR     +....                    (no boots)
Stlth  ++........               (no amulet)
                                (no ring)
                                m - ring of protection from magic

@: lethally poisoned (-4 -> -7), flying
A: no striking features
a: no special abilities


You were on level 3 of the Dungeon.
You were not hungry.

You visited 1 branch of the dungeon, and saw 4 of its levels.

You collected 202 gold pieces.

Inventory:

Armour
 a - a +0 robe (worn)
Jewellery
 m - a ring of protection from magic (left hand)
Scrolls
 d - 4 scrolls of magic mapping {unknown}
 e - 2 scrolls of remove curse {unknown}
 i - 2 scrolls of fear {unknown}
 j - 3 scrolls of identify {unknown}
 k - a scroll of noise {unknown}
 o - a scroll of random uselessness {unknown}
 p - a scroll of recharging {unknown}
 q - a scroll of enchant weapon {unknown}
 s - a scroll of enchant armour {unknown}
Potions
 g - a potion of heal wounds {unknown}
 l - a potion of degeneration
 n - a potion of curing {unknown}
 r - a potion of berserk rage {unknown}
 v - a potion of lignification {unknown}
Books
 b - a book of Flames

   Spells                             Type                      Level
   a - Flame Tongue                   Conjuration/Fire             1
   b - Throw Flame                    Conjuration/Fire             2
   c - Conjure Flame                  Conjuration/Fire             3
   d - Inner Flame                    Hexes/Fire                   3
   e - Sticky Flame                   Conjuration/Fire             4
   f - Fireball                       Conjuration/Fire             5
 u - a book of Misfortune

   Spells                             Type                      Level
   a - Confusing Touch                Hexes                        1
   b - Confuse                        Hexes                        3
   c - Gell's Gravitas                Hexes/Translocation          3
   d - Petrify                        Transmutation/Earth          4
   e - Metabolic Englaciation         Hexes/Ice                    5
   f - Yara's Violent Unravelling     Hexes/Transmutation          5
Comestibles
 c - 3 bread rations
 h - 2 meat rations
 t - a slice of pizza


   Skills:
 + Level 2.5 Dodging
 + Level 2.8 Stealth
 + Level 4.6 Spellcasting
 + Level 2.9 Conjurations
 + Level 4.4 Fire Magic


You had 4 spell levels left.
You knew the following spells:

 Your Spells              Type           Power        Failure   Level  Hunger
a - Flame Tongue          Conj/Fire      ###..        3%          1    None
b - Throw Flame           Conj/Fire      ###...       6%          2    #......
c - Conjure Flame         Conj/Fire      ###.....     12%         3    ###....
d - Inner Flame           Hex/Fire       ##......     21%         3    ###....


Dungeon Overview and Level Annotations

Branches:
Dungeon (4/15)
 Temple: D:4-7

Altars:
Fedhas
Yredelemnul


Message History

Aiming: Flame Tongue
Press: ? - help, Shift-Dir - straight line, f/p - scorpion
Aim: a scorpion (severely wounded)
The flame tongue misses the scorpion.
The adder hisses angrily.
The scorpion closely misses you.
The scorpion stings you but does no damage.
You climb upwards.
* * * LOW HITPOINT WARNING * * *
You feel sick.
There is a stone staircase leading down here.
It was a potion of flight.
You feel very buoyant.
You fly up into the air.
The scorpion misses you.
It was a potion of degeneration.
There was something very wrong with that liquid.
You feel weakened.
You feel dopey.
You feel clumsy.
* * * LOW HITPOINT WARNING * * *
You feel sick. The scorpion stings you.
You die...

##.....###.#####.....###..###.###
...###.....).......### #..###.##.
##.........#.......# #...##.#..
####.####.........## #.#.##....
#..####.........# #.#.......
##..####......#.# #.###.#...
##.)#..........####.##......
########...............#.##......
.<.......#......@s..##...##......
........#....#.............(..#+#
.....................(........#..
#.....PPP.###.................#.#
#....P..PP##...##.............#.#
##..#PP_PP#..####.............#.#
.....PPPPP....................+..
.#....PPP..............†......###
##.............................#.


You could see a scorpion.

Vanquished Creatures
  Ijyb (D:2)
  3 adders
  2 oozes
  A worm (D:2)
  6 dart slugs
  2 leopard geckos
  4 bats
  10 goblins
  5 hobgoblins (D:1)
  5 jackals
  A quokka (D:2)
  2 ball pythons
  6 frilled lizards
  7 kobolds
  7 rats
62 creatures vanquished.

Notes
Turn   | Place    | Note
-------+----------+-------------------------------------------
     0 | D:1      | McKennaii the Deep Elf Fire Elementalist began the quest for the Orb.
     0 | D:1      | Reached XP level 1. HP: 10/10 MP: 6/6
   125 | D:1      | Reached XP level 2. HP: 15/15 MP: 1/8
   455 | D:1      | Reached XP level 3. HP: 19/19 MP: 6/10
   845 | D:2      | Learned a level 2 spell: Throw Flame
   849 | D:2      | Learned a level 3 spell: Conjure Flame
   853 | D:2      | Learned a level 3 spell: Inner Flame
  1028 | D:2      | Noticed Ijyb
  1034 | D:2      | Reached XP level 4. HP: 19/24 MP: 0/12
  1073 | D:2      | Killed Ijyb
  1383 | D:2      | Found a basalt altar of Yredelemnul.
  1613 | D:3      | Found a blossoming altar of Fedhas.
  1918 | D:3      | Reached XP level 5. HP: 28/28 MP: 11/13
  2010 | D:3      | Slain by a scorpion

Skill      XL: |  1  2  3 |
---------------+----------+-----
Fire Magic     | 4 |  4.4
Conjurations   | 2 |  2.9
Spellcasting   | 4 |  4.6
Dodging        | |  2.5
Stealth        | |  2.8

Action                   |  1- 3 |  4- 6 || total
-------------------------+-------+-------++-------
Melee: Unarmed           |     5 |       ||     5
 Cast: Flame Tongue      |    64 |    37 ||   101
       Throw Flame       |       |     9 ||     9
  Use: Potion            |       |     2 ||     2
  Eat: Chunk             |       |     3 ||     3
Armor: Robe              |     2 |     2 ||     4
Dodge: Dodged            |    19 |    10 ||    29
